 Dungeon Crawl Stone Soup version 0.29.1 (webtiles) character file.

Game seed: 14249791946304715674

8146 raistware the Destroyer (level 11, -3/63 HPs)
             Began as an Octopode Conjurer on Sept 13, 2022.
             Was a Follower of Vehumet.
             Shot with an arrow by a centaur warrior (22 damage)
             ... on level 9 of the Dungeon.
             The game lasted 00:28:20 (12584 turns).

raistware the Destroyer (Octopode Conjurer)        Turns: 12584, Time: 00:28:21

Health: -3/63      AC:  1    Str:  7    XL:     11   Next: 26%
Magic:  5/34       EV: 17    Int: 25    God:    Vehumet [*.....]
Gold:   381        SH:  0    Dex: 10    Spells: 14/31 levels left

rFire   . . .      SeeInvis .   u - staff of cold
rCold   + . .      Faith    .   (no shield)
rNeg    . . .      Spirit   .   (helmet restricted)
rPois   .          Reflect  .   v - amulet of the acrobat
rElec   .          Harm     .   b - +4 ring of evasion
rCorr   .          Rampage  .   t - ring of magical power
Will    .....                   (no ring)
Stlth   +++.......              (no ring)
HPRegen 0.20/turn               (no ring)
MPRegen 0.24/turn               (no ring)
                                (no ring)
                                (no ring)

@: no status effects
A: almost no armour, amphibious, 8 rings, camouflage 1, gelatinous body 1,
(nimble swimmer 1), tentacles
a: Renounce Religion


You were on level 9 of the Dungeon.
You worshipped Vehumet.
Vehumet was aware of your devotion.
You visited 2 branches of the dungeon, and saw 10 of its levels.
You also visited: Sewer.

You collected 677 gold pieces.
You spent 296 gold pieces at shops.

Inventory:

Hand Weapons
 I - the +8 dagger of the Jester {venom, Str+2 Dex+9 SInv}
   (You found it on level 8 of the Dungeon)

   It poisons the flesh of those it strikes.
   Str:       It affects your strength (+2).
   Dex:       It affects your dexterity (+9).
   SInv:      It lets you see invisible.
Missiles
 j - 19 poisoned darts
 H - 5 javelins
Magical Staves
 u - a staff of cold (weapon)
Jewellery
 b - a +4 ring of evasion (left tentacle)
 p - a ring of ice
 t - a ring of magical power (right tentacle)
 v - an amulet of the acrobat (around mantle)
Wands
 A - a wand of flame (13)
 C - a wand of roots (7)
 G - a wand of charming (5)
Scrolls
 e - 4 scrolls of enchant armour {unknown}
 g - 4 scrolls of identify {unknown}
 h - 3 scrolls of blinking {unknown}
 i - 3 scrolls of immolation {unknown}
 k - 3 scrolls of teleportation {unknown}
 m - 3 scrolls of magic mapping {unknown}
 n - 2 scrolls of vulnerability {unknown}
 o - a scroll of fog {unknown}
 w - a scroll of brand weapon {unknown}
 B - a scroll of silence {unknown}
 D - a scroll of amnesia {unknown}
 F - a scroll of enchant weapon {unknown}
 J - a scroll of torment {unknown}
Potions
 a - a potion of magic
 c - 4 potions of lignification {unknown}
 d - 4 potions of degeneration {unknown}
 f - a potion of resistance {unknown}
 l - 8 potions of mutation {unknown}
 q - 8 potions of curing
 r - 5 potions of attraction {unknown}
 s - 4 potions of haste {unknown}
 x - 3 potions of flight {unknown}
 z - a potion of might {unknown}
 E - 3 potions of brilliance {unknown}


   Skills:
 - Level 1.0 Fighting
 - Level 3.0 Dodging
 - Level 3.0 Stealth
 * Level 10.7 Spellcasting
 * Level 11.5 Conjurations
 - Level 2.0 Translocations
 + Level 6.0 Fire Magic


You had 14 spell levels left.
You knew the following spells:

 Your Spells              Type           Power      Damage    Failure   Level
a - Magic Dart            Conj           100%       1d8       1%          1
b - Iskenderun's Mystic   Conj/Tloc      47%        2d10      2%          4
d - Mephitic Cloud        Conj/Pois/Air  32%        N/A       2%          3
F - Fire Storm            Conj/Fire      27%        8d7       100%        9

Your spell library contained the following spells:

 Spells                   Type           Power      Damage    Failure   Level
 Freeze                   Ice            80%        1d9       4%          1
 Searing Ray              Conj           100%       2d8       1%          2
 Dazzling Flash           Conj/Hex       84%        N/A       1%          3
 Blink                    Tloc           46%        N/A       3%          2
 Fulminant Prism          Conj/Hex       21%        3d13      4%          4
 Gell's Gravitas          Tloc           23%        N/A       6%          3
 Ignite Poison            Fire/Tmut/Pois 23%        N/A       6%          3
 Lesser Beckoning         Tloc           23%        N/A       6%          3
 Teleport Other           Tloc           23%        N/A       6%          3
 Portal Projectile        Hex/Tloc       36%        N/A       9%          3
 Call Canine Familiar     Summ           13%        N/A       14%         3
 Ozocubu's Armour         Ice            20%        N/A       14%         3
 Freezing Cloud           Conj/Ice/Air   24%        6-21      26%         5
 Leda's Liquefaction      Hex/Erth       6%         N/A       41%         4
 Manifold Assault         Tloc           23%        N/A       50%         5
 Alistair's Intoxication  Tmut/Pois      8%         N/A       77%         5
 Borgnjor's Vile Clutch   Necr/Erth      6%         N/A       77%         5
 Metabolic Englaciation   Hex/Ice        10%        N/A       77%         5
 Dispersal                Tloc           11%        N/A       97%         6
 Eringya's Noxious Bog    Tmut/Pois      6%         N/A       100%        6
 Simulacrum               Ice/Necr       10%        N/A       100%        6
 Chain Lightning          Conj/Air       21%        3d28      100%        9
 Shatter                  Erth           6%         3d9*      100%        9


Dungeon Overview and Level Annotations

Branches:
Dungeon (9/15)             Temple (1/1) D:7            Lair (0/5) D:9
  Sewer (visited)
    Orc: D:9-12

Altars:
Ashenzari
Cheibriados
Dithmenos
Fedhas
Gozag
Hepliaklqana
Kikubaaqudgha
Makhleb
Nemelex Xobeh
Okawaru
Qazlal
Ru
Sif Muna
Trog
Uskayaw
Vehumet
Wu Jian
Xom
Yredelemnul
The Shining One

Shops:
D:1 *   D:2 *

Annotations:
D:3 1 runed translucent door, x1te's ghost, amateur OgSu
D:7 Joseph
Temple 2 transporters


Innate Abilities, Weirdness & Mutations

You cannot wear most types of armour.
You are amphibious.
You can wear up to eight rings at the same time.
Your skin changes colour to match your surroundings (Stealth+).
Your rubbery body absorbs attacks. (AC +1, EV +1)
((You are camouflaged when in or above water. (Stealth+)))
You have tentacles for arms and can constrict up to eight enemies at once.


Message History

The centaur warrior kicks you.
Casting: Iskenderun's Mystic Blast (dangerous; 2% risk of failure)
Confirm with . or Enter, or press ? or * to list all spells.
You erupt in a blast of force!
The mystic blast hits the centaur warrior!
The centaur warrior is moderately wounded.
The centaur warrior is knocked back by the mystic blast.
You hear a shout!
You hear an angry buzzing noise.
The centaur warrior wields a +0 shortbow.
The centaur warrior shoots an arrow.
The arrow closely misses you.
Unknown command.
Casting: Iskenderun's Mystic Blast (dangerous; 2% risk of failure)
Confirm with . or Enter, or press ? or * to list all spells.
You erupt in a blast of force!
The mystic blast hits the centaur warrior.
The centaur warrior is moderately wounded.
The centaur warrior is knocked back by the mystic blast.
The centaur warrior slams into the rock wall!
Casting: Iskenderun's Mystic Blast (dangerous; 2% risk of failure)
Confirm with . or Enter, or press ? or * to list all spells.
You erupt in a blast of force!
The mystic blast hits the centaur warrior!
The centaur warrior is heavily wounded.
The centaur warrior is knocked back by the mystic blast.
The centaur warrior slams into the rock wall!
The centaur warrior is heavily wounded.
The boulder beetle curls into a ball and begins rolling!
The centaur warrior shoots an arrow.
The arrow hits you!
* * * LOW HITPOINT WARNING * * *
Unknown command.
Casting: Iskenderun's Mystic Blast (dangerous; 2% risk of failure)
Confirm with . or Enter, or press ? or * to list all spells.
You erupt in a blast of force!
The mystic blast hits the centaur warrior!
The centaur warrior is severely wounded.
The centaur warrior is knocked back by the mystic blast.
The centaur warrior slams into the rock wall!
The centaur warrior is almost dead.
The centaur warrior shoots an arrow.
The arrow hits you!!
You die...

... ...(... .....
..###.. ...###.....
....○. (.....# #. ..○.
..... . #.B# #..#
####..#######..######
#$.#..#..#..#..#..#..
#.....)..#........#..
##c.@...###......###[
......###....)..###.(...
...... #.........#......
#...# #..#...#..#..#...
##.. ####...#######..#
#. #..#...#..#..#..# #
#.........#.....#
##.....))###....#
..........[......##


You could see a boulder beetle (rolling) and a centaur warrior.

Vanquished Creatures
  2 two-headed ogres (D:9)
  Pikel (D:7)
  2 ugly things (D:9)
  A kobold demonologist (D:9)
  A hornet (D:9)
  Sigmund (D:5)
  9 yaks
  A wyvern (D:9)
  Menkaure (D:5)
  Edmund (D:4)
  5 orc warriors (D:9)
  A black bear (D:7)
  3 ice beasts
  2 sky beasts (D:7)
  4 ogres
  2 centaurs
  A lemure (D:7)
  A kobold brigand (Sewer)
  A necrophage (D:5)
  2 scorpions
  2 bullfrogs
  3 wights (D:7)
  7 killer bees (D:9)
  5 hounds
  2 jellies (D:6)
  3 gnoll boudas
  5 orc priests
  Ijyb (D:4)
  An iguana (D:4)
  5 orc wizards
  14 adders
  17 gnolls
  2 river rats (Sewer)
  A white imp (D:7)
  2 ufetubi
  6 worms
  A dart slug (D:3)
  19 orcs
  8 endoplasms
  2 giant cockroaches
  8 hobgoblins
  6 jackals
  4 quokkas
  11 ball pythons
  8 bats
  A frilled lizard (D:3)
  11 goblins
  11 kobolds
  12 rats
  A spectral goblin (D:1)
221 creatures vanquished.

Vanquished Creatures (collateral kills)
  A kobold brigand (D:9)
  A jackal (D:5)
2 creatures vanquished.

Vanquished Creatures (others)
  An adder (D:5)
  An orc (D:5)
  A jackal (D:5)
  3 plants (D:5)
6 creatures vanquished.

Grand Total: 229 creatures vanquished

Notes
Turn   | Place    | Note
-------+----------+-------------------------------------------
     0 | D:1      | raistware the Octopode Conjurer began the quest for the
                  | Orb.
     0 | D:1      | Reached XP level 1. HP: 11/11 MP: 3/3
   269 | D:1      | Reached XP level 2. HP: 17/17 MP: 3/5
   355 | D:1      | Found Aravion's Assorted Antiques.
   470 | D:1      | Found a faded altar of an unknown god.
  1234 | D:2      | Found Ytiarat's Assorted Antiques.
  1253 | D:2      | Reached XP level 3. HP: 21/21 MP: 3/7
  1923 | D:3      | Found a runed translucent door.
  1979 | D:2      | Reached XP level 4. HP: 6/27 MP: 2/10
  2307 | D:3      | Reached skill level 1 in Translocations
  2595 | D:3      | Noticed x1te's ghost (amateur OgSu)
  2816 | D:3      | Noticed an ogre
  3060 | D:3      | Learned a level 4 spell: Iskenderun's Mystic Blast
  3120 | D:3      | Killed an ogre
  3121 | D:3      | Reached XP level 5. HP: 31/31 MP: 11/11
  3249 | D:4      | Noticed an ogre
  3256 | D:4      | Killed an ogre
  3257 | D:4      | Reached XP level 6. HP: 36/36 MP: 3/13
  3262 | D:4      | Reached skill level 5 in Conjurations
  3534 | D:4      | Noticed Ijyb
  3543 | D:4      | Killed Ijyb
  3544 | D:4      | Reached skill level 5 in Spellcasting
  3940 | D:4      | Reached XP level 7. HP: 41/41 MP: 6/14
  4026 | D:4      | Noticed Edmund
  4448 | D:5      | Entered Level 5 of the Dungeon
  4473 | D:5      | Noticed Sigmund
  4523 | D:5      | Killed Sigmund
  4524 | D:5      | Reached skill level 6 in Conjurations
  4886 | D:5      | Noticed Menkaure
  5567 | D:5      | Reached XP level 8. HP: 33/46 MP: 3/17
  5909 | D:5      | Killed Menkaure
  5910 | D:5      | Reached skill level 7 in Conjurations
  6465 | D:1      | Bought a runed jade amulet for 125 gold pieces
  6465 | D:1      | Bought a scroll labelled DOWNOULENG for 25 gold pieces
  6465 | D:1      | Bought a sedimented inky potion for 22 gold pieces
  6465 | D:1      | Bought 2 glowing orange potions for 45 gold pieces
  6465 | D:1      | Bought a glowing orange potion for 22 gold pieces
  6465 | D:1      | Bought a scroll labelled KUESEO YGGAA for 25 gold pieces
  6532 | D:2      | Bought a silvery potion for 15 gold pieces
  6532 | D:2      | Bought a scroll labelled ERAIDW DONE for 17 gold pieces
  6629 | D:4      | Killed Edmund
  6892 | D:6      | Reached skill level 1 in Fire Magic
  7378 | D:6      | Found a glowing drain.
  7387 | Sewer    | Entered a sewer
  7730 | Sewer    | Reached XP level 9. HP: 51/51 MP: 20/20
  7776 | Sewer    | Learned a level 9 spell: Fire Storm
  7868 | Sewer    | Reached skill level 8 in Conjurations
  9020 | D:7      | Noticed Pikel
  9044 | D:7      | Killed Pikel
  9268 | D:7      | Found a staircase to the Ecumenical Temple.
  9275 | Temple   | Entered the Ecumenical Temple
  9275 | Temple   | Found a transporter.
  9275 | Temple   | Found a transporter.
  9277 | Temple   | Found a transporter.
  9277 | Temple   | Found a transporter.
  9288 | Temple   | Became a worshipper of Vehumet
  9471 | D:7      | Reached skill level 9 in Conjurations
  9671 | D:7      | Found a glowing golden altar of the Shining One.
  9859 | D:7      | Noticed Joseph
 10018 | D:7      | Found a shadowy altar of Dithmenos.
 10018 | D:7      | Found a shimmering blue altar of Sif Muna.
 10404 | D:8      | Identified the +8 dagger of the Jester {venom, Str+2 Dex+9
                  | SInv}
 10890 | D:8      | Reached XP level 10. HP: 56/56 MP: 15/23
 11002 | D:9      | Noticed a two-headed ogre
 11004 | D:9      | Reached skill level 10 in Conjurations
 11156 | D:9      | Noticed a centaur warrior
 11161 | D:9      | Learned a level 3 spell: Mephitic Cloud
 11183 | D:9      | Reached * piety under Vehumet
 11183 | D:9      | Offered knowledge of Freeze by Vehumet.
 11190 | D:9      | Reached skill level 1 in Fighting
 11380 | D:9      | Noticed a four-headed hydra
 11410 | D:9      | Found a staircase to the Lair.
 11519 | D:9      | Reached skill level 5 in Fire Magic
 11740 | D:9      | Noticed a manticore
 11773 | D:9      | Reached skill level 10 in Spellcasting
 11840 | D:9      | Noticed a boulder beetle
 11840 | D:9      | Noticed a purple ugly thing
 11880 | D:9      | Killed a two-headed ogre
 11885 | D:9      | Paralysed by a hornet for 2 turns
 11888 | D:9      | Reached skill level 11 in Conjurations
 11888 | D:9      | Reached XP level 11. HP: 28/63 MP: 0/25
 12087 | D:9      | Killed a purple ugly thing
 12149 | D:9      | Noticed a green ugly thing
 12176 | D:9      | Killed a green ugly thing
 12471 | D:9      | Noticed a two-headed ogre
 12488 | D:9      | Killed a two-headed ogre
 12584 | D:9      | Shot with an arrow by a centaur warrior

Illustrated notes

Levels and vault maps discovered:
D:1:      lemuel_arrival_hallway, layout_loops_cross, serial_shops,
          shop_fountains, dreamdust_ecumenical_altar_drowned_temple
D:2:      layout_basic, serial_shops, shop
D:3:      layout_rooms, ebering_ghost_reflecting_pool, minmay_ogre_servants
D:4:      layout_basic, minivault_4, minivault_24, uniq_edmund, uniq_ijyb
D:5:      layout_basic, amcnicky_mini_pool_small, minmay_tree_intersection,
          serial_bayou_pond_a, uniq_sigmund, uniq_menkaure
D:6:      layout_loops_ring, cheibrodos_sewer_entry_bend
D:7:      layout_basic, mainiacjoe_overflow_catwalk,
          gammafunk_temple_overflow_pools, minmay_temple_entry_tees,
          uniq_joseph, uniq_pikel
D:8:      layout_gridville
D:9:      hangedman_cross_cluster, layout_loops_ring
Temple:   hellmonk_temple_divided_pantheon

Skill      XL: |  1  2  3  4  5  6  7  8  9 10 11 |
---------------+----------------------------------+-----
Spellcasting   | 3 4 5 6 7 9 10 | 10.7
Translocations | 2 |  2.0
Stealth        | 3 |  3.0
Conjurations   | 5 6 7 9 11 | 11.5
Fire Magic     | 1 4 5 6 |  6.0
Dodging        | 3 |  3.0
Fighting       | 1 |  1.0

Action                   |  1- 3 |  4- 6 |  7- 9 | 10-12 || total
-------------------------+-------+-------+-------+-------++-------
Melee: Unarmed           |     5 |     1 |     9 |       ||    15
       Constrict         |     2 |       |     6 |     2 ||    10
       Tentacles         |       |       |     7 |     2 ||     9
       Staff             |       |       |    20 |     9 ||    29
       Punch             |       |       |       |     2 ||     2
Throw: Dart              |       |     9 |     9 |     5 ||    23
 Cast: Magic Dart        |    70 |    88 |   347 |    51 ||   556
       Iskenderun's Myst |       |       |    44 |    58 ||   102
Evoke: Wand              |       |     6 |    23 |     3 ||    32
  Use: Potion            |       |       |     1 |     1 ||     2
 Stab: Sleeping          |     1 |       |       |       ||     1
Armor: Skin              |     1 |     2 |     6 |     2 ||    11
Dodge: Dodged            |    12 |    19 |    82 |    38 ||   151
